 Dungeon Crawl Stone Soup version 0.19-a0 (webtiles) character file.

128 st0uf the Skirmisher (level 5, -1/43 HPs)
             Began as a Formicid Abyssal Knight on Apr 27, 2016.
             Was a Follower of Lugonu.
             Slain by an ogre
             ... wielding a +0 giant club
              (11 damage)
             ... on level 4 of the Dungeon.
             The game lasted 00:06:49 (2212 turns).

st0uf the Skirmisher (Formicid Abyssal Knight)      Turns: 2212, Time: 00:06:50

Health: -1/43      AC:  5    Str: 17    XL:     5   Next: 34%
Magic:  6/6        EV: 10    Int: 11    God:    Lugonu [*.....]
Gold:   49         SH:  3    Dex: 11    Spells: 0 memorised, 4 levels left

rFire  . . .     SeeInvis +     a - +1 falchion
rCold  . . .     Gourm    .     o - +0 ring mail
rNeg   . . .     Faith    .     j - +0 buckler
rPois  .         Spirit   .     (helmet unavailable)
rElec  .         Dismiss  .     (no cloak)
rCorr  .         Reflect  .     (no gloves)
SustAt .         Harm     .     (no boots)
MR     .....                    (no amulet)
Stlth  +.........               (no ring)
                                (no ring)

@: not resistant to hostile enchantments, very unstealthy
A: permanent stasis, dig shafts and tunnels, four strong arms, antennae 3
a: Dig, Shaft Self, Depart the Abyss, Renounce Religion


You were on level 4 of the Dungeon.
You worshipped Lugonu.
Lugonu was aware of your devotion.
You were hungry.

You visited 1 branch of the dungeon, and saw 3 of its levels.
You visited the Abyss 1 time.

You collected 49 gold pieces.

Inventory:

Hand Weapons
 a - a +1 falchion (weapon)
Missiles
 g - 99 stones (quivered)
Armour
 j - a +0 buckler (worn)
 o - a +0 ring mail (worn)
Wands
 p - a wand of acid (2/15)
Scrolls
 d - a scroll of identify {unknown}
 e - 2 scrolls of remove curse {unknown}
 m - a scroll of recharging {unknown}
 q - a scroll of blinking {unknown}
Potions
 h - 2 potions of degeneration {unknown}
 i - a potion of might {unknown}
 k - 2 potions of flight {unknown}
 n - 2 potions of curing {unknown}
Comestibles
 c - 3 bread rations
 f - 4 fruits
 l - a slice of pizza


   Skills:
 + Level 4.5 Fighting
 + Level 3.0 Long Blades
 + Level 3.1 Armour
 + Level 1.6 Dodging
 + Level 0.2 Shields
 + Level 2.6 Invocations


You had 4 spell levels left.
You didn't know any spells.

Dungeon Overview and Level Annotations

Branches:
Dungeon (2/15)

Altars:
Sif Muna

Annotations:
D:2 Sigmund


Innate Abilities, Weirdness & Mutations

You are under a permanent stasis effect.
You can dig through walls and to a lower floor.
Your four strong arms can wield two-handed weapons with a shield.
You have a pair of large antennae on your head (SInv).


Message History

All of the chunks of flesh in your inventory have rotted away.
You see here 17 poisoned needles.
You are feeling hungry.
Eat which item? (? for menu, Esc to quit)
Okay, then.
Found a deep blue altar of Sif Muna.
An ogre comes into view. It is wielding a giant club.
There is an open door here.
Okay, then.
You hit the ogre.
The ogre is lightly wounded.
The ogre hits you with a giant club!!
You hit the ogre but do no damage.
The ogre is lightly wounded.
The ogre hits you with a giant club!
* * * LOW HITPOINT WARNING * * *
You barely miss the ogre.
The ogre is lightly wounded.
The ogre hits you with a giant club!
You die...

#####.####.#####.####.####.#...#.
###.# #.# #.........#.#.#.#.
#...# #.# ######.##.#.#.#.#.
###...# #.# #.##.#.# #.#.
..#...####.# ######.##.#.# #.#.
..###..#.#.# #....#.##.#.# #.#.
..# #.#)##.# #....#'##.#.###...
..###.####+#####..............<#.
...............O@.......##.......
.####.........##........#########
.# #..........#....##### .#
#..........#....#
.####.........[#....#
.##......#.#...#....#
.##......#.#...######
..#......#.#...####
#.#................#


You could see an ogre.

Vanquished Creatures
  A centaur skeleton (D:4)
  2 orc wizards (D:4)
  An ooze (D:1)
  2 dart slugs (D:1)
  3 giant geckos
  3 orcs (D:4)
  2 giant cockroaches (D:1)
  5 goblins
  4 hobgoblins (D:1)
  A quokka (D:4)
  4 giant newts
  A kobold (D:1)
  2 rats (D:1)
31 creatures vanquished.

Notes
Turn   | Place    | Note
--------------------------------------------------------------
     0 | Abyss:1  | st0uf the Formicid Abyssal Knight began the quest for the Orb.
     0 | Abyss:1  | Reached XP level 1. HP: 18/18 MP: 2/2
    23 | Abyss:1  | Noticed a crimson imp
    78 | Abyss:1  | Noticed a wretched star
    80 | D:1      | Escaped the Abyss
   283 | D:1      | Reached XP level 2. HP: 24/24 MP: 3/3
   284 | D:1      | Reached * piety under Lugonu
   652 | D:1      | Reached skill level 1 in Dodging
   652 | D:1      | Reached XP level 3. HP: 23/30 MP: 4/4
  1543 | D:2      | Noticed Sigmund
  1572 | D:2      | You fall through a shaft for 2 floors!
  1580 | D:4      | Reached skill level 4 in Fighting
  1580 | D:4      | Reached XP level 4. HP: 16/37 MP: 5/5
  1929 | D:4      | Reached XP level 5. HP: 15/42 MP: 6/6
  2181 | D:4      | Found a deep blue altar of Sif Muna.
  2183 | D:4      | Noticed an ogre
  2212 | D:4      | Slain by an ogre

Vault maps used:
D:1:      lightli_arrival_statue_moat, minmay_box_of_dots
D:2:      grunt_temple_overflow_opulence, lemuel_round_altar, first_bread,
          uniq_natasha, uniq_sigmund
D:4:      marbit_many_paths, lemuel_coloured_pillars_altar

Skill      XL: |  1  2  3  4  5 |
---------------+----------------+-----
Dodging        | 1 |  1.6
Fighting       | 4 |  4.5
Armour         | 3 |  3.1
Long Blades    | 3 |  3.0
Shields        | |  0.2
Invocations    | |  2.6

Action                   |  1- 3 |  4- 6 || total
-------------------------+-------+-------++-------
Melee: Falchion          |    81 |    44 ||   125
Invok: Depart the Abyss  |     1 |       ||     1
 Abil: Dig               |     1 |     1 ||     2
  Eat: Chunk             |     2 |     2 ||     4
Armor: Leather armour    |    11 |       ||    11
       Ring mail         |       |     8 ||     8
Dodge: Dodged            |    39 |    16 ||    55
Block: Buckler           |     7 |     4 ||    11
